 Dungeon Crawl Stone Soup version 0.31.0-11-ge490571c62 (webtiles) character file.

Game seed: 5271876317116956505

21 Arcadio the Conjurer (level 2, 0/15 HPs)
             Began as a Deep Elf Conjurer on Jan 30, 2024.
             Slain by a jackal (2 damage)
             ... on level 1 of the Dungeon.
             The game lasted 00:01:05 (467 turns).

Arcadio the Conjurer (Deep Elf Conjurer)             Turns: 467, Time: 00:01:06

Health: 0/15       AC:  2    Str:  4    XL:     2   Next: 65%
Magic:  0/8        EV: 12    Int: 22    God:
Gold:   49         SH:  0    Dex: 13    Spells: 7/8 levels left

rFire   . . .        i - +0 short sword
rCold   . . .        (no shield)
rNeg    . . .        a - +0 robe
rPois   .            (no helmet)
rElec   .            (no cloak)
rCorr   .            (no gloves)
SInv    .            (no boots)
Will    .....        (no amulet)
Stlth   ++           (no ring)
HPRegen 0.22/turn    (no ring)
MPRegen 0.11/turn

%: no passive effects
@: no status effects
A: no striking features
a: no special abilities


You were on level 1 of the Dungeon.
You visited 1 branch of the dungeon, and saw 1 of its levels.

You collected 49 gold pieces.

Inventory:

Hand Weapons
 i - a +0 short sword (weapon)
Armour
 a - a +0 robe (worn)
Jewellery
 d - an amulet of guardian spirit
Scrolls
 c - a scroll of poison {unknown}
 h - a scroll of immolation {unknown}
Potions
 b - a potion of magic
 e - a potion of invisibility {unknown}
 f - 2 potions of brilliance {unknown}
 g - 2 potions of curing {unknown}


   Skills:
 - Level 2.4 Dodging
 - Level 2.4 Stealth
 + Level 3.9 Spellcasting
 + Level 4.8 Conjurations


You had 7 spell levels left.
You knew the following spells:

 Your Spells              Type           Power      Damage    Failure   Level
a - Magic Dart            Conj           100%       1d8       1%          1

Your spell library contained the following spells:

 Spells                   Type           Power      Damage    Failure   Level
 Searing Ray              Conj           50%        2d6       2%          2
 Fulminant Prism          Conj/Alch      7%         3d6       38%         4
 Iskenderun's Mystic Bla  Conj/Tloc      15%        2d5       38%         4


Dungeon Overview and Level Annotations

Branches:
Dungeon (1/15)

Altars:


Message History

You closely miss the jackal.
The jackal is heavily wounded.
The jackal bites you.
You barely miss the jackal.
The jackal is heavily wounded.
The jackal bites you.
You closely miss the jackal.
The jackal is heavily wounded.
The jackal bites you.
* * * LOW HITPOINT WARNING * * *
The jackal barely misses you.
You hit the jackal but do no damage.
The jackal is heavily wounded.
The jackal closely misses you.
You hit the jackal but do no damage.
The jackal is heavily wounded.
The jackal misses you. The jackal barely misses you.
You miss the jackal.
The jackal is heavily wounded.
The jackal barely misses you.
You hit the jackal but do no damage.
The jackal is heavily wounded.
The jackal bites you.
* * * LOW HITPOINT WARNING * * *
You closely miss the jackal.
The jackal is heavily wounded.
The jackal barely misses you. The jackal bites you.
* * * LOW HITPOINT WARNING * * *
You barely miss the jackal.
The jackal is heavily wounded.
The jackal completely misses you.
Casting: Magic Dart (safe; 1% risk of failure)
Confirm with . or Enter, or press ? or * to list all spells.
Aiming: Magic Dart (safe; 1% risk of failure)
Press: ? - help, Shift-Dir - straight line, f/p - jackal
Aim: a jackal (heavily wounded, 100% to hit)
The magic dart hits the jackal.
The jackal is severely wounded.
The jackal bites you.
You die...

..#....h #..
#.#.... #.. #.#..h
###.. #.##h# ..#..
#.##†# #.#..
#.####.##h# #.#..
#........h# #.#..
######h#### #.#..
#@# ###.#..
#.##########......
#............#.###
##############....
#####


You could see a jackal.

Vanquished Creatures
  An endoplasm (D:1)
  2 giant cockroaches (D:1)
  A goblin (D:1)
  4 jackals (D:1)
  3 quokkas (D:1)
  A ball python (D:1)
  2 bats (D:1)
  2 frilled lizards (D:1)
  A kobold (D:1)
  2 rats (D:1)
19 creatures vanquished.

Notes
Turn   | Place    | Note
-------+----------+-------------------------------------------
     0 | D:1      | Arcadio the Deep Elf Conjurer began the quest for the Orb.
     0 | D:1      | Reached XP level 1. HP: 10/10 MP: 6/6
   200 | D:1      | Reached XP level 2. HP: 15/15 MP: 5/8
   467 | D:1      | Slain by a jackal

Illustrated notes

Levels and vault maps discovered:
D:1:      scummos_arrival_simple_crosswalls, layout_loops_ring

Action                     || total
---------------------------++-------
  Melee: Short sword       ||    27
   Cast: Magic Dart        ||    33
 Armour: Robe              ||    18
  Dodge: Dodged            ||    22
